Workbook

Sheet Dashboard
A1: Dashboard - Patrimonio neto mensual
A2: Seguimiento de activos, deudas, liquidez, inversiones y evolución del patrimonio neto.
A4: Patrimonio neto actual | C4: Activos totales | E4: Deudas totales | G4: Ratio deuda/activos
A5: =SUM(Activos!F5:F100)-SUM(Deudas!D5:D100) -> 68700 | C5: =SUM(Activos!F5:F100) -> 192200 | E5: =SUM(Deudas!D5:D100) -> 123500 | G5: =IFERROR(E5/C5,0) -> 0.64255983
A6: Último patrimonio neto registrado. | C6: Último valor total de activos. | E6: Último saldo total de deudas. | G6: Nivel de deuda sobre activos.
A8: Liquidez | C8: Inversiones | E8: Variación mensual | G8: Activos registrados
A9: =SUMIF(Activos!C:C,"Liquidez",Activos!F:F) -> 2500 | C9: =SUMIF(Activos!C:C,"Inversiones",Activos!F:F) -> 8500 | E9: {=IFERROR(INDEX('Evolución mensual'!E5:E16,MAX(1,COUNTIF('Evolución mensual'!D5:D16,">0"))),0)} | G9: =COUNTA(Activos!A5:A100) -> 4
A10: Liquidez registrada. | C10: Cartera de inversión. | E10: Cambio del último mes. | G10: Número de activos con nombre.
A13: Activos por categoría
A14: ='Resumen por categoría'!A4 -> Categoría activo | B14: ='Resumen por categoría'!B4 -> Valor | C14: ='Resumen por categoría'!C4 -> Peso sobre activos
A15: ='Resumen por categoría'!A5 -> Liquidez | B15: ='Resumen por categoría'!B5 -> 2500 | C15: ='Resumen por categoría'!C5 -> 0.013007284
A16: ='Resumen por categoría'!A6 -> Inversiones | B16: ='Resumen por categoría'!B6 -> 8500 | C16: ='Resumen por categoría'!C6 -> 0.044224766
A17: ='Resumen por categoría'!A7 -> Vivienda | B17: ='Resumen por categoría'!B7 -> 180000 | C17: ='Resumen por categoría'!C7 -> 0.93652445
A18: ='Resumen por categoría'!A8 -> Vehículo | B18: ='Resumen por categoría'!B8 -> 0 | C18: ='Resumen por categoría'!C8 -> 0
A19: ='Resumen por categoría'!A9 -> Otros bienes | B19: ='Resumen por categoría'!B9 -> 0 | C19: ='Resumen por categoría'!C9 -> 0
A20: ='Resumen por categoría'!A10 -> Derechos de cobro | B20: ='Resumen por categoría'!B10 -> 0 | C20: ='Resumen por categoría'!C10 -> 0
A21: ='Resumen por categoría'!A11 -> Otros | B21: ='Resumen por categoría'!B11 -> 1200 | C21: ='Resumen por categoría'!C11 -> 0.0062434964

Sheet Activos
A1: Activos
A2: Registra tus activos por tipo: liquidez, inversiones, vivienda, otros bienes y derechos.
A4: Activo | B4: Descripción | C4: Categoría | D4: Ubicación/Broker | E4: Fecha valoración | F4: Valor actual | G4: Divisa | H4: Notas
A5: Cuenta corriente | B5: Liquidez disponible | C5: Liquidez | D5: Banco A | E5: 46053 | F5: 2500 | G5: EUR | H5: Ejemplo ficticio
A6: Cartera inversión | B6: Acciones/ETFs/crypto/P2P | C6: Inversiones | D6: Broker A | E6: 46053 | F6: 8500 | G6: EUR | H6: Ejemplo ficticio
A7: Vivienda | B7: Valor orientativo vivienda | C7: Vivienda | D7: Propiedad | E7: 46053 | F7: 180000 | G7: EUR | H7: Ejemplo ficticio
A8: Otros activos | B8: Otros bienes | C8: Otros | D8: Personal | E8: 46053 | F8: 1200 | G8: EUR | H8: Ejemplo ficticio

Sheet Deudas
A1: Deudas
A2: Registra préstamos, hipotecas, tarjetas u otras obligaciones pendientes.
A4: Deuda | B4: Tipo | C4: Entidad | D4: Saldo pendiente | E4: Cuota mensual | F4: Tipo interés | G4: Fecha revisión | H4: Vencimiento | I4: Divisa | J4: Notas
A5: Hipoteca ejemplo | B5: Hipoteca | C5: Banco A | D5: 120000 | E5: 650 | F5: 0.025 | G5: 46387 | H5: 54058 | I5: EUR | J5: Ejemplo ficticio
A6: Préstamo ejemplo | B6: Préstamo personal | C6: Banco B | D6: 3500 | E6: 180 | F6: 0.06 | G6: 46203 | H6: 46934 | I6: EUR | J6: Ejemplo ficticio

Sheet Evolución mensual
A1: Evolución mensual del patrimonio neto
A2: Introduce o revisa cada mes activos totales, deudas totales y patrimonio neto.
A4: Mes | B4: Activos totales | C4: Deudas totales | D4: Patrimonio neto | E4: Variación mensual | F4: Variación % | G4: Notas | H4: Año
A5: Enero | B5: =SUM(Activos!F5:F104) -> 192200 | C5: =SUM(Deudas!D5:D54) -> 123500 | D5: =IFERROR(B5-C5,"") -> 68700 | H5: 2026
A6: Febrero | D6: =IFERROR(B6-C6,"") -> 0 | E6: =IFERROR(D6-D5,"") -> -68700 | F6: =IFERROR(E6/D5,"") -> -1 | H6: 2026
A7: Marzo | D7: =IFERROR(B7-C7,"") -> 0 | E7: =IFERROR(D7-D6,"") -> 0 | F7: =IFERROR(E7/D6,"") | H7: 2026
A8: Abril | D8: =IFERROR(B8-C8,"") -> 0 | E8: =IFERROR(D8-D7,"") -> 0 | F8: =IFERROR(E8/D7,"") | H8: 2026
A9: Mayo | D9: =IFERROR(B9-C9,"") -> 0 | E9: =IFERROR(D9-D8,"") -> 0 | F9: =IFERROR(E9/D8,"") | H9: 2026
A10: Junio | D10: =IFERROR(B10-C10,"") -> 0 | E10: =IFERROR(D10-D9,"") -> 0 | F10: =IFERROR(E10/D9,"") | H10: 2026
A11: Julio | D11: =IFERROR(B11-C11,"") -> 0 | E11: =IFERROR(D11-D10,"") -> 0 | F11: =IFERROR(E11/D10,"") | H11: 2026
A12: Agosto | D12: =IFERROR(B12-C12,"") -> 0 | E12: =IFERROR(D12-D11,"") -> 0 | F12: =IFERROR(E12/D11,"") | H12: 2026
A13: Septiembre | D13: =IFERROR(B13-C13,"") -> 0 | E13: =IFERROR(D13-D12,"") -> 0 | F13: =IFERROR(E13/D12,"") | H13: 2026
A14: Octubre | D14: =IFERROR(B14-C14,"") -> 0 | E14: =IFERROR(D14-D13,"") -> 0 | F14: =IFERROR(E14/D13,"") | H14: 2026
A15: Noviembre | D15: =IFERROR(B15-C15,"") -> 0 | E15: =IFERROR(D15-D14,"") -> 0 | F15: =IFERROR(E15/D14,"") | H15: 2026
A16: Diciembre | D16: =IFERROR(B16-C16,"") -> 0 | E16: =IFERROR(D16-D15,"") -> 0 | F16: =IFERROR(E16/D15,"") | H16: 2026

Sheet Resumen por categoría
A1: Resumen por categoría
A2: Resumen automático de activos por categoría y deudas por tipo.
A4: Categoría activo | B4: Valor | C4: Peso sobre activos | E4: Tipo deuda | F4: Saldo | G4: Peso sobre deuda | H4: Notas
A5: Liquidez | B5: =IF(A5="","",SUMIF(Activos!C:C,A5,Activos!F:F)) -> 2500 | C5: =IFERROR(B5/SUM(Activos!F:F),0) -> 0.013007284 | E5: Hipoteca | F5: =IF(E5="","",SUMIF(Deudas!B:B,E5,Deudas!D:D)) -> 120000 | G5: =IFERROR(F5/SUM(Deudas!D:D),0) -> 0.97165992
A6: Inversiones | B6: =IF(A6="","",SUMIF(Activos!C:C,A6,Activos!F:F)) -> 8500 | C6: =IFERROR(B6/SUM(Activos!F:F),0) -> 0.044224766 | E6: Préstamo personal | F6: =IF(E6="","",SUMIF(Deudas!B:B,E6,Deudas!D:D)) -> 3500 | G6: =IFERROR(F6/SUM(Deudas!D:D),0) -> 0.028340081
A7: Vivienda | B7: =IF(A7="","",SUMIF(Activos!C:C,A7,Activos!F:F)) -> 180000 | C7: =IFERROR(B7/SUM(Activos!F:F),0) -> 0.93652445 | E7: Tarjeta | F7: =IF(E7="","",SUMIF(Deudas!B:B,E7,Deudas!D:D)) -> 0 | G7: =IFERROR(F7/SUM(Deudas!D:D),0) -> 0
A8: Vehículo | B8: =IF(A8="","",SUMIF(Activos!C:C,A8,Activos!F:F)) -> 0 | C8: =IFERROR(B8/SUM(Activos!F:F),0) -> 0 | E8: Deuda familiar | F8: =IF(E8="","",SUMIF(Deudas!B:B,E8,Deudas!D:D)) -> 0 | G8: =IFERROR(F8/SUM(Deudas!D:D),0) -> 0
A9: Otros bienes | B9: =IF(A9="","",SUMIF(Activos!C:C,A9,Activos!F:F)) -> 0 | C9: =IFERROR(B9/SUM(Activos!F:F),0) -> 0 | E9: Financiación | F9: =IF(E9="","",SUMIF(Deudas!B:B,E9,Deudas!D:D)) -> 0 | G9: =IFERROR(F9/SUM(Deudas!D:D),0) -> 0
A10: Derechos de cobro | B10: =IF(A10="","",SUMIF(Activos!C:C,A10,Activos!F:F)) -> 0 | C10: =IFERROR(B10/SUM(Activos!F:F),0) -> 0 | E10: Otros | F10: =IF(E10="","",SUMIF(Deudas!B:B,E10,Deudas!D:D)) -> 0 | G10: =IFERROR(F10/SUM(Deudas!D:D),0) -> 0
A11: Otros | B11: =IF(A11="","",SUMIF(Activos!C:C,A11,Activos!F:F)) -> 1200 | C11: =IFERROR(B11/SUM(Activos!F:F),0) -> 0.0062434964 | F11: =IF(E11="","",SUMIF(Deudas!B:B,E11,Deudas!D:D)) | G11: =IFERROR(F11/SUM(Deudas!D:D),0) -> 0

Sheet Instrucciones
A1: Cómo usar esta plantilla
A2: Herramienta educativa de Horizonte Base. No constituye asesoramiento financiero, fiscal ni recomendación personalizada.
A4: Sección | B4: Instrucción
A5: Qué registrar | B5: Activos, deudas y evolución mensual del patrimonio neto.
A6: Qué se calcula | B6: Patrimonio neto, ratios, distribución por categoría y variaciones mensuales.
A7: Uso recomendado | B7: Actualiza al cierre de cada mes con valores prudentes y consistentes.
A8: Aviso educativo | B8: Los valores de activos ilíquidos como vivienda son estimaciones y pueden variar.

Sheet Listas
A1: Categorías activos | B1: Tipos deuda | C1: Divisas | D1: Meses
A2: Liquidez | B2: Hipoteca | C2: EUR | D2: Enero
A3: Inversiones | B3: Préstamo personal | C3: USD | D3: Febrero
A4: Vivienda | B4: Tarjeta | C4: GBP | D4: Marzo
A5: Vehículo | B5: Deuda familiar | C5: CHF | D5: Abril
A6: Otros bienes | B6: Financiación | C6: Otra | D6: Mayo
A7: Derechos de cobro | B7: Otros | D7: Junio
A8: Otros | D8: Julio
D9: Agosto
D10: Septiembre
D11: Octubre
D12: Noviembre
D13: Diciembre

Sheet Guía rápida
A1: Guía rápida - patrimonio neto mensual
A3: Paso | B3: Qué hacer | C3: Dónde se hace | D3: Consejo práctico
A4: 1 | B4: Registra activos con valoración prudente. | C4: Activos | D4: No infles valores de vivienda, coche u otros bienes.
A5: 2 | B5: Registra todas las deudas pendientes. | C5: Deudas | D5: Incluye hipoteca, préstamos, tarjetas y financiación.
A6: 3 | B6: Actualiza la evolución mensual. | C6: Evolución mensual | D6: Lo importante es la tendencia, no una foto aislada.
A7: 4 | B7: Revisa composición de activos y deuda. | C7: Resumen por categoría | D7: Te ayuda a saber si todo depende de un solo activo.
A8: 5 | B8: Consulta patrimonio neto y ratio de deuda. | C8: Dashboard | D8: Úsalo como brújula financiera mensual.
A10: Aviso educativo | B10: Esta plantilla es informativa y no constituye asesoramiento financiero, fiscal ni recomendación personalizada.

Sheet Glosario
A1: Glosario básico
A3: Término | B3: Qué significa | C3: Por qué importa
A4: Patrimonio neto | B4: Activos totales menos deudas totales. | C4: Mide tu posición financiera real.
A5: Activo | B5: Bien, dinero o inversión con valor económico. | C5: Suma al patrimonio bruto.
A6: Deuda | B6: Obligación pendiente de pago. | C6: Reduce el patrimonio neto.
A7: Ratio deuda/activos | B7: Deudas divididas entre activos totales. | C7: Ayuda a evaluar apalancamiento y fragilidad.
A8: Liquidez | B8: Dinero disponible sin vender inversiones. | C8: Da seguridad ante imprevistos.
